PCL
CALGARY COWBOYS @ ALBUQUERQUE ISOTOPES
08/21/2028
 
TOP OF THE 1ST
Calgary Cowboys batting - Pitching for Albuquerque Isotopes : LHP Sean Perry
Pitching: LHP Sean Perry
Batting: RHB César Rodríguez 0-0: Ball
1-0: SINGLE (Groundball, 25) (infield hit)
Batting: LHB Del Kennedy 0-0: Foul Ball, location: 2F
0-1: DOUBLE (Line Drive, 8LD)
César Rodríguez to third
Batting: RHB Tom Rowe 0-0: Called Strike
0-1: Hit by Pitch
Batting: LHB Miguel Pérez 0-0: DOUBLE (Flyball, 78M)
César Rodríguez scores
Del Kennedy scores
Tom Rowe to third
Runner from 3rd tries for Home, SAFE, no throw
Batting: RHB Jorge Balencia 0-0: SINGLE (Groundball, 34D)
Miguel Pérez to third
Batting: LHB Freddy Herrera 0-0: Foul Ball, location: 2F
0-1: Fly out, F7 (Flyball, 7LSF)
Runner from 3rd tags up, SCORES, no throw
Batting: RHB Travis Colbert 0-0: Ball
1-0: Called Strike
1-1: Foul Ball, location: 2F
1-2: Ball
2-2: Strikes out looking
Batting: RHB Shayne Burry 0-0: Called Strike
0-1: Swinging Strike
0-2: Ball
1-2: Strikes out swinging
Top of the 1st over - 4 run(s), 4 hit(s), 0 error(s), 1 left on base; Calgary 4 - Albuquerque 0
BOTTOM OF THE 1ST
Albuquerque Isotopes batting - Pitching for Calgary Cowboys : RHP Sloan Numbers
Pitching: RHP Sloan Numbers
Batting: LHB Fernando Ortíz 0-0: Ball
1-0: Ball
2-0: Ball
3-0: Called Strike
3-1: Foul Ball, location: 2F
3-2: Base on Balls
Batting: SHB Edward Bartlett 0-0: Called Strike
0-1: Ball
1-1: SINGLE (Line Drive, 5D)
Fernando Ortíz to second
Batting: LHB Bernardo Montés 0-0: Foul Ball, location: 2F
0-1: Ball
1-1: Ball
2-1: Called Strike
2-2: Fielders Choice at 2nd, 3-6 (Groundball, 34)
Fernando Ortíz to third
Batting: LHB José González 0-0: Called Strike
0-1: Foul Ball, location: 2F
0-2: Ball
1-2: Ball
2-2: Strikes out swinging
Batting: SHB Clint Woods 0-0: Called Strike
0-1: Foul Ball, location: 2F
0-2: Ball
1-2: Ball
2-2: Ball
3-2: SINGLE (Line Drive, 89M)
Fernando Ortíz scores
Bernardo Montés to second
Bernardo Montés to third
Batting: LHB Héctor Soto 0-0: Ball
Pickoff Throw to First - Out!
Bottom of the 1st over - 1 run(s), 2 hit(s), 0 error(s), 0 left on base; Calgary 4 - Albuquerque 1
TOP OF THE 2ND
Calgary Cowboys batting - Pitching for Albuquerque Isotopes : LHP Sean Perry
Batting: RHB Tom Yarbrough 0-0: Ball
1-0: Foul Ball, location: 2F
1-1: Foul Ball, location: 2F
1-2: Ball
2-2: Foul Ball, location: 2F
2-2: SINGLE (Flyball, 9S)
Batting: RHB César Rodríguez 0-0: Ball
1-0: Ball
2-0: Called Strike
2-1: Called Strike
2-2: Strikes out swinging
Pitching: RHP Shiki Kanno
Batting: LHB Del Kennedy 0-0: Ball
1-0: Fielders Choice at 2nd, 4-6 (Groundball, 34)
Batting: RHB Tom Rowe 0-0: Ball
1-0: Ball
2-0: Foul Ball, location: 2F
2-1: Fielders Choice at 2nd, 4-6 (Groundball, 4)
Top of the 2nd over - 0 run(s), 1 hit(s), 0 error(s), 0 left on base; Calgary 4 - Albuquerque 1
BOTTOM OF THE 2ND
Albuquerque Isotopes batting - Pitching for Calgary Cowboys : RHP Sloan Numbers
Batting: LHB Héctor Soto 0-0: Ball
1-0: Foul Ball, location: 2F
1-1: Fly out, F5 (Line Drive, 56)
Batting: RHB Sam Wallace 0-0: Ball
1-0: Ball
2-0: DOUBLE (Flyball, 78XD)
Batting: RHB Raúl Bauza 0-0: Foul Ball, location: 2F
0-1: Swinging Strike
0-2: Strikes out swinging
Batting: RHB Jesse McKnight 0-0: Ball
1-0: Ball
2-0: Ball
3-0: Base on Balls
Batting: LHB Fernando Ortíz 0-0: Foul Ball, location: 2F
0-1: Foul Ball, location: 2F
0-2: Ball
1-2: Ball
2-2: DOUBLE (Line Drive, 9LM)
Sam Wallace scores
Jesse McKnight to third
Batting: SHB Edward Bartlett 0-0: Foul Ball, location: 2F
0-1: Ball
1-1: Foul Ball, location: 2F
1-2: Strikes out looking
Bottom of the 2nd over - 1 run(s), 2 hit(s), 0 error(s), 2 left on base; Calgary 4 - Albuquerque 2
TOP OF THE 3RD
Calgary Cowboys batting - Pitching for Albuquerque Isotopes : RHP Shiki Kanno
Batting: LHB Miguel Pérez 0-0: Called Strike
0-1: Foul Ball, location: 2F
0-2: Ground out 4-3 (Groundball, 4)
Batting: RHB Jorge Balencia 0-0: Ball
1-0: Ball
2-0: Foul Ball, location: 2F
2-1: Foul Ball, location: 2F
2-2: Strikes out swinging
Batting: LHB Freddy Herrera 0-0: Ground out 4-3 (Groundball, 4)
Top of the 3rd over - 0 run(s), 0 hit(s), 0 error(s), 0 left on base; Calgary 4 - Albuquerque 2
BOTTOM OF THE 3RD
Albuquerque Isotopes batting - Pitching for Calgary Cowboys : RHP Sloan Numbers
Batting: LHB Bernardo Montés 0-0: Ball
1-0: Ball
2-0: SINGLE (Groundball, 4D)
Batting: LHB José González 0-0: Called Strike
0-1: Ball
1-1: Ball
2-1: Swinging Strike
2-2: Foul Ball, location: 2F
2-2: Ball
3-2: Foul Ball, location: 2F
3-2: SINGLE (Groundball, 34D)
Bernardo Montés to second
Runner from 2nd tries for 3rd, SAFE, throw made to third
Batting: SHB Clint Woods 0-0: Ball
1-0: Foul Ball, location: 2F
1-1: Swinging Strike
1-2: Ball
2-2: Ball
3-2: Foul Ball, location: 2F
3-2: Foul Ball, location: 2F
3-2: Foul Ball, location: 2F
3-2: Ground out 5-3 (Groundball, 56S)
Bernardo Montés scores
José González to second
Batting: LHB Héctor Soto 0-0: Ball
1-0: Ball
2-0: Ground out 6-3 (Groundball, 6)
Batting: RHB Sam Wallace 0-0: Called Strike
0-1: Ball
1-1: Ball
2-1: Foul Ball, location: 2F
2-2: Ball
3-2: Ground out 4-3 (Groundball, 4)
Bottom of the 3rd over - 1 run(s), 2 hit(s), 0 error(s), 1 left on base; Calgary 4 - Albuquerque 3
TOP OF THE 4TH
Calgary Cowboys batting - Pitching for Albuquerque Isotopes : RHP Shiki Kanno
Batting: RHB Travis Colbert 0-0: Ground out 6-3 (Groundball, 56D)
Batting: RHB Shayne Burry 0-0: Foul Ball, location: 2F
0-1: Fly out, F5 (Line Drive, 56)
Batting: RHB Tom Yarbrough 0-0: Ball
1-0: Ball
2-0: SINGLE (Groundball, 34D)
Batting: RHB César Rodríguez 0-0: Called Strike
0-1: Ball
1-1: Ground out 5-3 (Groundball, 56S)
Top of the 4th over - 0 run(s), 1 hit(s), 0 error(s), 1 left on base; Calgary 4 - Albuquerque 3
BOTTOM OF THE 4TH
Albuquerque Isotopes batting - Pitching for Calgary Cowboys : RHP Sloan Numbers
Batting: RHB Raúl Bauza 0-0: Called Strike
0-1: Foul Ball, location: 2F
0-2: Ball
1-2: Ground out 1-3 (Groundball, P)
Batting: RHB Jesse McKnight 0-0: Ball
1-0: Called Strike
1-1: Swinging Strike
1-2: Ball
2-2: Foul Ball, location: 2F
2-2: Ball
3-2: Strikes out swinging
Batting: LHB Fernando Ortíz 0-0: Ball
1-0: Foul Ball, location: 2F
1-1: Foul Ball, location: 2F
1-2: Foul Ball, location: 2F
1-2: Ball
2-2: Foul Ball, location: 2F
2-2: Ball
3-2: SOLO HOME RUN (Flyball, 7D), Distance : 370 ft
Batting: SHB Edward Bartlett 0-0: Foul Ball, location: 2F
0-1: Foul Ball, location: 2F
0-2: Foul Ball, location: 2F
0-2: Foul Ball, location: 2F
0-2: Ball
1-2: DOUBLE (Line Drive, 89D)
Pitching: RHP Esteban Alfonzo
Batting: LHB Bernardo Montés 0-0: Called Strike
0-1: Foul Ball, location: 2F
0-2: Ball
1-2: Ball
2-2: Ground out U3 (Groundball, 34)
Bottom of the 4th over - 1 run(s), 2 hit(s), 0 error(s), 1 left on base; Calgary 4 - Albuquerque 4
TOP OF THE 5TH
Calgary Cowboys batting - Pitching for Albuquerque Isotopes : RHP Shiki Kanno
Batting: LHB Del Kennedy 0-0: SINGLE (Groundball, 4MD)
Batting: RHB Tom Rowe 0-0: Ball
1-0: Fly out, F3 (Popup, 3L)
Batting: LHB Miguel Pérez 0-0: Ground out U3 (Groundball, 3S)
Del Kennedy to second
Batting: RHB Jorge Balencia 0-0: Called Strike
0-1: Foul Ball, location: 2F
0-2: Ground out 6-3 (Groundball, 6)
Top of the 5th over - 0 run(s), 1 hit(s), 0 error(s), 1 left on base; Calgary 4 - Albuquerque 4
BOTTOM OF THE 5TH
Albuquerque Isotopes batting - Pitching for Calgary Cowboys : RHP Esteban Alfonzo
Batting: LHB José González 0-0: Foul Ball, location: 2F
0-1: Ball
1-1: Called Strike
1-2: Strikes out swinging
Batting: SHB Clint Woods 0-0: Called Strike
0-1: Called Strike
0-2: Foul Ball, location: 2F
0-2: Ball
1-2: Ball
2-2: Ball
3-2: Base on Balls
Batting: LHB Héctor Soto 0-0: Ball
1-0: Swinging Strike
1-1: Ball
Wild Pitch!
Clint Woods to second
2-1: Swinging Strike
2-2: Foul Ball, location: 2F
2-2: Foul Ball, location: 2F
2-2: Ball
3-2: Strikes out looking
Batting: RHB Sam Wallace 0-0: Ball
1-0: Ball
2-0: Called Strike
2-1: Foul Ball, location: 2F
2-2: Ground out 5-3 (Groundball, 56)
Bottom of the 5th over - 0 run(s), 0 hit(s), 0 error(s), 1 left on base; Calgary 4 - Albuquerque 4
TOP OF THE 6TH
Calgary Cowboys batting - Pitching for Albuquerque Isotopes : RHP Shiki Kanno
Batting: LHB Freddy Herrera 0-0: Ball
1-0: Called Strike
1-1: Foul Ball, location: 2F
1-2: Ball
2-2: Strikes out looking
Batting: RHB Travis Colbert 0-0: Ball
1-0: Swinging Strike
1-1: Swinging Strike
1-2: SINGLE (Line Drive, 4MD)
Pitching: LHP John Helms
Batting: RHB Shayne Burry 0-0: Ball
1-0: Swinging Strike
1-1: Ball
2-1: Swinging Strike
2-2: Strikes out looking
Batting: RHB Tom Yarbrough 0-0: Ball
1-0: Called Strike
1-1: Fielders Choice at 2nd, 6-4 (Groundball, 6)
Top of the 6th over - 0 run(s), 1 hit(s), 0 error(s), 0 left on base; Calgary 4 - Albuquerque 4
BOTTOM OF THE 6TH
Albuquerque Isotopes batting - Pitching for Calgary Cowboys : RHP Esteban Alfonzo
Batting: RHB Raúl Bauza 0-0: Swinging Strike
0-1: Fly out, F9 (Flyball, 9)
Batting: RHB Jesse McKnight 0-0: Ball
1-0: SOLO HOME RUN (Line Drive, 89XD), Distance : 402 ft
Batting: LHB Fernando Ortíz 0-0: Called Strike
0-1: Ball
1-1: Ball
2-1: Foul Ball, location: 2F
2-2: Ball
3-2: Strikes out swinging
Batting: SHB Edward Bartlett 0-0: Ball
1-0: Ground out 3-1 (Groundball, 34D)
Bottom of the 6th over - 1 run(s), 1 hit(s), 0 error(s), 0 left on base; Calgary 4 - Albuquerque 5
TOP OF THE 7TH
Calgary Cowboys batting - Pitching for Albuquerque Isotopes : LHP John Helms
Batting: RHB César Rodríguez 0-0: SINGLE (Line Drive, 78S)
Batting: LHB Del Kennedy 0-0: Ball
1-0: Bunt missed!
1-1: Bunted foul
1-2: Ball
Balk!
César Rodríguez to second
2-2: Foul Ball, location: 2F
2-2: Strikes out swinging
Batting: RHB Tom Rowe 0-0: Ball
1-0: Ball
2-0: Ball
3-0: Base on Balls
Pinch Hitting: RHB Dan Wyatt 0-0: Ball
1-0: Called Strike
César Rodríguez steals 3rd base
Tom Rowe to second
1-1: Called Strike
1-2: Ball
2-2: Ball
3-2: Strikes out looking
Batting: RHB Jorge Balencia 0-0: Ball
1-0: Fly out, F8 (Flyball, 8RM)
Top of the 7th over - 0 run(s), 1 hit(s), 0 error(s), 2 left on base; Calgary 4 - Albuquerque 5
BOTTOM OF THE 7TH
Albuquerque Isotopes batting - Pitching for Calgary Cowboys : RHP Esteban Alfonzo
Pitching: LHP Takayuki Ine
Now in LF: Dan Wyatt
Batting: LHB Bernardo Montés 0-0: Ground out U3 (Groundball, 34)
Pitching: RHP Bert Killick
Batting: LHB José González 0-0: Called Strike
0-1: Ball
1-1: Ball
2-1: SOLO HOME RUN (Flyball, 8RXD), Distance : 437 ft
Batting: SHB Clint Woods 0-0: Ball
1-0: SOLO HOME RUN (Line Drive, 89XD), Distance : 414 ft
Pitching: RHP Mitsunari Jouda
Batting: LHB Héctor Soto 0-0: Called Strike
0-1: Ball
1-1: Swinging Strike
1-2: Ball
2-2: Strikes out swinging
Batting: RHB Sam Wallace 0-0: Foul Ball, location: 2F
0-1: Ball
1-1: Foul Ball, location: 2F
1-2: Strikes out swinging
Bottom of the 7th over - 2 run(s), 2 hit(s), 0 error(s), 0 left on base; Calgary 4 - Albuquerque 7
TOP OF THE 8TH
Calgary Cowboys batting - Pitching for Albuquerque Isotopes : LHP John Helms
Batting: LHB Freddy Herrera 0-0: Bunted foul
0-1: Foul Ball, location: 2F
0-2: Strikes out swinging
Batting: RHB Travis Colbert 0-0: Called Strike
0-1: Called Strike
0-2: Foul Ball, location: 2F
0-2: Ball
1-2: Ball
2-2: Foul Ball, location: 2F
2-2: Foul Ball, location: 2F
2-2: Strikes out swinging
Pitching: RHP Horace Jacobs
Batting: RHB Shayne Burry 0-0: Called Strike
0-1: Foul Ball, location: 2F
0-2: Ground out 6-3 (Groundball, 6)
Top of the 8th over - 0 run(s), 0 hit(s), 0 error(s), 0 left on base; Calgary 4 - Albuquerque 7
BOTTOM OF THE 8TH
Albuquerque Isotopes batting - Pitching for Calgary Cowboys : RHP Mitsunari Jouda
Batting: RHB Raúl Bauza 0-0: Ground out 5-3 (Groundball, 56)
Batting: RHB Jesse McKnight 0-0: Ball
1-0: Ball
2-0: Called Strike
2-1: Ball
3-1: Base on Balls
Batting: LHB Fernando Ortíz 0-0: Called Strike
0-1: Ball
1-1: Foul Ball, location: 2F
1-2: Foul Ball, location: 2F
1-2: Ball
2-2: Ball
3-2: Base on Balls
Jesse McKnight to second
Batting: SHB Edward Bartlett 0-0: Ball
1-0: Called Strike
1-1: Ball
2-1: Ball
3-1: Base on Balls
Jesse McKnight to third
Fernando Ortíz to second
Batting: LHB Bernardo Montés 0-0: Called Strike
0-1: Ball
1-1: Grounds into fielders choice 4-2 (Groundball, 4)
Fernando Ortíz to third
Edward Bartlett to second
Batting: LHB José González 0-0: Ball
1-0: Ball
2-0: Foul Ball, location: 2F
2-1: Fielders Choice at 2nd, 6-4 (Groundball, 6)
Bottom of the 8th over - 0 run(s), 0 hit(s), 0 error(s), 2 left on base; Calgary 4 - Albuquerque 7
TOP OF THE 9TH
Calgary Cowboys batting - Pitching for Albuquerque Isotopes : RHP Horace Jacobs
Batting: RHB Tom Yarbrough 0-0: Foul Ball, location: 2F
0-1: Called Strike
0-2: Strikes out swinging
Batting: RHB César Rodríguez 0-0: Foul Ball, location: 2F
0-1: SINGLE (Groundball, 6S) (infield hit)
Batting: LHB Del Kennedy 0-0: Called Strike
0-1: Ball
1-1: Ball
2-1: Ball
3-1: Fly out, F8 (Flyball, 78D)
Batting: RHB Tom Rowe 0-0: Foul Ball, location: 2F
0-1: Called Strike
0-2: Ball
1-2: Ball
2-2: Strikes out swinging
Top of the 9th over - 0 run(s), 1 hit(s), 0 error(s), 1 left on base; Calgary 4 - Albuquerque 7
Tuesday, August 8th, 2017 - OOTP Baseball 17.12 Build 75